 Dungeon Sprint DCSS version 0.21-a0-286-g6fcecc0 (webtiles) character file.

15481 potatolord6000 the Peltast (level 12, -3/109 HPs)
             Began as a Formicid Fighter on Sept 27, 2017.
             Was the Champion of the Shining One.
             Slain by a merfolk
             ... wielding a +2 trident of protection
              (12 damage)
             ... in the Dungeon (Sprint VII: "The Pits").
             The game lasted 00:07:10 (2076 turns).

potatolord6000 the Peltast (Formicid Fighter)       Turns: 2076, Time: 00:07:10

Health: -3/109     AC: 22    Str: 29    XL:     12   Next: 58%
Magic:  6/23       EV:  9    Int:  8    God:    the Shining One [******]
Gold:   16         SH: 28    Dex: 10    Spells: 11/11 levels left

rFire    . . .     SeeInvis +   l - +7 broad axe (holy)
rCold    . . .     Gourm    .   c - +1 shield
rNeg     + + +     Faith    .   a - +4 chain mail
rPois    .         Spirit   .   (helmet unavailable)
rElec    .         Reflect  .   (no cloak)
rCorr    .         Harm     .   (no gloves)
MR       +....                  v - +0 pair of boots
Stlth    ..........             (no amulet)
HPRegen  0.28/turn              b - +3 ring of strength
MPRegen  0.18/turn              h - +3 ring of protection

@: lethally poisoned (-3 -> -8), divine shield, glowing
A: permanent stasis, dig shafts and tunnels, four strong arms, antennae 3
a: Dig, Divine Shield, Cleansing Flame, Summon Divine Warrior, Renounce Religion


You were in the Dungeon.
You worshipped the Shining One.
The Shining One was exalted by your worship.
You were not hungry.

You visited 1 branch You collected 16 gold pieces.

Inventory:

Hand Weapons
 l - a +7 broad axe of holy wrath (weapon)
Armour
 a - a +4 chain mail (worn)
 c - a +1 shield (worn)
 v - a +0 pair of boots (worn)
Jewellery
 b - a +3 ring of strength (left hand)
 h - a +3 ring of protection (right hand)
Scrolls
 m - 3 scrolls of remove curse
 n - 5 scrolls of amnesia
 o - a scroll of summoning
 s - 3 scrolls of enchant armour
 t - 2 scrolls of fog
 u - a scroll of fear
Potions
 d - 3 potions of might
 e - 8 potions of curing
 g - 10 potions of heal wounds
 i - 4 potions of magic
 j - 2 potions of brilliance
 k - a potion of agility
 r - a potion of cancellation
Comestibles
 f - 8 bread rations
 p - 40 fruits
 q - 5 meat rations


   Skills:
 + Level 15.1 Fighting
 + Level 13.8 Axes
 + Level 15.1 Armour
 + Level 16.2 Shields
 + Level 15.3 Invocations


You had 11 spell levels left.
You didn't know any spells.

Dungeon Overview and Level Annotations

Branches:
Dungeon (1/1)

Altars:
Ashenzari
Cheibriados
Dithmenos
Elyvilon
Fedhas
Gozag
Hepliaklqana
Kikubaaqudgha
Makhleb
Nemelex Xobeh
Okawaru
Qazlal
Ru
Sif Muna
Trog
Uskayaw
Vehumet
Wu Jian
Xom
Yredelemnul
Zin
The Shining One
Beogh
Jiyva
Lugonu


Innate Abilities, Weirdness & Mutations

You cannot be hasted, slowed, berserked, paralysed or teleported.
You can dig through walls and to a lower floor.
Your four strong arms can wield two-handed weapons with a shield.
You have a pair of large antennae on your head. (SInv)


Message History

The merfolk dies!
The orc knight hits you with a long sword!!
You block the merfolk javelineer's attack.
The orc warlord hits you with a broad axe of distortion!!
Space warps horribly around you!
* * * LOW HITPOINT WARNING * * *
Your daeva blocks the orc warlord's attack.
You block the orc knight's attack.
Unknown command.
You hit the orc knight.
The orc knight is lightly wounded.
You hit the orc knight but do no damage.
You hit the earth elemental but do no damage.
You slice the orc warlord!!
You feel sick. You block the orc knight's attack.
Your daeva hits the orc warlord with a scimitar of holy wrath!
The orc warlord blocks your daeva's attack.
The earth elemental hits you!
* * * LOW HITPOINT WARNING * * *
The merfolk hits you from afar with a trident of protection!
You die...

{ {{ {
++##########################
...................÷÷.......
...........)....(...÷)......
..##############'A##########
..# #oE@Am.# ..# #.ooom.#
..# {{ #.ooo..#{ {{ ..#
###oe### { { ).# {


oo.. { { { ..# ..... ..# ....# ..# #....# ..# {{ { You could see 2 orc warlords,
a merfolk javelineer, 8 orc knights, a merfolk, a deep elf knight, an earth
elemental and 2 friendly daevas.

Vanquished Creatures
  A nagaraja (D)
  A vampire knight (D)
  Josephine (D)
  A great orb of eyes (D)
  Harold (D)
  A sun demon (D)
  2 unseen horrors (D)
  A flayed ghost (D)
  A phantasmal warrior (D)
  A deep elf mage (D)
  2 cyclopes (D)
  A black mamba (D)
  A molten gargoyle (D)
  A komodo dragon (D)
  A demonic crawler (D)
  A merfolk (D)
  A hornet (D)
  Prince Ribbit (D)
  2 bog bodies (D)
  A flying skull (D)
  A tarantella (D)
  A redback (D)
  An air elemental (D)
  A shadow (D)
  4 yaks (D)
  3 wraiths (D)
  2 small abominations (D)
  A hungry ghost (D)
  A warg (D)
  2 soldier ants (D)
  2 acid dragons (D)
  2 floating eyes (D)
  A black bear (D)
  A sky beast (D)
  An ogre (D)
  2 eyes of draining (D)
  6 wolves (D)
  A centaur (D)
  3 crocodiles (D)
  A big kobold (D)
  A gnoll sergeant (D)
  A hound (D)
  An orc wizard (D)
  A hell rat (D)
  A gnoll (D)
  A white imp (D)
  An adder zombie (D)
  2 worms (D)
  4 orcs (D)
  A ball python (D)
  2 giant cockroaches (D)
  A goblin (D)
  A hobgoblin (D)
  2 jackals (D)
  2 quokkas (D)
  2 frilled lizards (D)
  A jackal skeleton (D)
85 creatures vanquished.

Vanquished Creatures (collateral kills)
  A hydra (D)
  A wizard (D)
  A merfolk (D)
  A tyrant leech (D)
  A bog body (D)
  A redback (D)
  2 frilled lizards (D)
8 creatures vanquished.

Grand Total: 93 creatures vanquished

Notes
Turn   | Place    | Note
-------+----------+-------------------------------------------
     0 | D        | potatolord6000 the Formicid Fighter began the quest for the Orb.
     0 | D        | Reached XP level 1. HP: 18/18 MP: 1/1
    11 | D        | Noticed a floating eye
    14 | D        | Killed a floating eye
    14 | D        | Reached skill level 5 in Fighting
    14 | D        | Reached skill level 5 in Armour
    14 | D        | Reached skill level 6 in Shields
    14 | D        | Reached XP level 2. HP: 28/28 MP: 2/2
    14 | D        | Reached XP level 3. HP: 34/34 MP: 3/3
    14 | D        | Reached XP level 4. HP: 40/40 MP: 4/4
    14 | D        | Reached XP level 5. HP: 46/46 MP: 5/5
    42 | D        | Found a bloodstained altar of Trog.
    42 | D        | Found a deep blue altar of Sif Muna.
    42 | D        | Found a viscous altar of Jiyva.
    42 | D        | Found a hazy altar of Hepliaklqana.
    42 | D        | Found an opulent altar of Gozag.
    43 | D        | Found a glowing golden altar of the Shining One.
    43 | D        | Found a glowing silver altar of Zin.
    43 | D        | Found a basalt altar of Yredelemnul.
    43 | D        | Found a shimmering altar of Xom.
    43 | D        | Found an ornate altar of the Wu Jian Council.
    43 | D        | Found a sacrificial altar of Ru.
    43 | D        | Found a stormy altar of Qazlal.
    43 | D        | Found an iron altar of Okawaru.
    43 | D        | Found a sparkling altar of Nemelex Xobeh.
    43 | D        | Found a burning altar of Makhleb.
    43 | D        | Found a blossoming altar of Fedhas.
    43 | D        | Found a white marble altar of Elyvilon.
    43 | D        | Found a shadowy altar of Dithmenos.
    43 | D        | Found a snail-covered altar of Cheibriados.
    46 | D        | Found a corrupted altar of Lugonu.
    46 | D        | Found a radiant altar of Vehumet.
    46 | D        | Found a roughly hewn altar of Beogh.
    49 | D        | Found an ancient bone altar of Kikubaaqudgha.
    49 | D        | Found a hide-covered altar of Uskayaw.
    49 | D        | Found a shattered altar of Ashenzari.
    52 | D        | Became a worshipper of the Shining One
    79 | D        | Reached * piety under the Shining One
   150 | D        | Noticed a floating eye
   155 | D        | Killed a floating eye
   155 | D        | Reached skill level 5 in Axes
   155 | D        | Reached skill level 7 in Shields
   155 | D        | Reached XP level 6. HP: 53/53 MP: 5/8
   242 | D        | Reached ** piety under the Shining One
   242 | D        | Noticed a warg
   242 | D        | Noticed a black bear
   252 | D        | Reached *** piety under the Shining One
   262 | D        | Killed a black bear
   262 | D        | Reached skill level 8 in Shields
   275 | D        | Killed a warg
   275 | D        | Reached skill level 5 in Invocations
   275 | D        | Reached XP level 7. HP: 34/62 MP: 9/11
   281 | D        | Reached skill level 9 in Shields
   447 | D        | Noticed a bog body
   456 | D        | Killed a bog body
   456 | D        | Reached **** piety under the Shining One
   456 | D        | Reached XP level 8. HP: 71/71 MP: 11/13
   459 | D        | Noticed a flying skull
   465 | D        | Reached skill level 10 in Shields
   467 | D        | Killed a flying skull
   467 | D        | Reached ***** piety under the Shining One
   500 | D        | Noticed a bog body
   505 | D        | Killed a bog body
   505 | D        | Reached skill level 10 in Armour
   506 | D        | Reached skill level 10 in Fighting
   506 | D        | Reached XP level 9. HP: 42/78 MP: 4/15
   771 | D        | Noticed Prince Ribbit
   778 | D        | Reached skill level 11 in Shields
   799 | D        | Noticed a four-headed hydra
   802 | D        | Killed Prince Ribbit
   803 | D        | Noticed a wizard
   803 | D        | Reached ****** piety under the Shining One
   808 | D        | Noticed a tyrant leech
   808 | D        | Killed a four-headed hydra
   808 | D        | Reached skill level 10 in Invocations
   809 | D        | Killed a wizard
   809 | D        | Reached skill level 10 in Axes
   809 | D        | Reached skill level 12 in Shields
   813 | D        | Reached XP level 10. HP: 85/88 MP: 3/18
   913 | D        | Noticed Harold
   928 | D        | Killed Harold
   937 | D        | Noticed a flayed ghost
   946 | D        | Killed a flayed ghost
   946 | D        | Reached skill level 13 in Shields
   997 | D        | Noticed a cyclops
  1002 | D        | Noticed a molten gargoyle
  1006 | D        | Killed a cyclops
  1016 | D        | Killed a molten gargoyle
  1017 | D        | Reached XP level 11. HP: 94/96 MP: 8/20
  1051 | D        | Noticed a cyclops
  1054 | D        | Reached skill level 14 in Shields
  1060 | D        | Noticed an unseen horror
  1060 | D        | Noticed an unseen horror
  1065 | D        | Killed a cyclops
  1066 | D        | Killed an unseen horror
  1066 | D        | Killed an unseen horror
  1297 | D        | Noticed a deep elf mage
  1301 | D        | Killed a deep elf mage
  1339 | D        | Noticed a sun demon
  1352 | D        | Killed a sun demon
  1560 | D        | Identified a +7 broad axe of holy wrath (a +5 broad axe of chopping blessed by the Shining One)
  1560 | D        | Received a gift from the Shining One
  1566 | D        | Noticed a phantasmal warrior
  1572 | D        | Killed a phantasmal warrior
  1572 | D        | Reached skill level 15 in Shields
  1583 | D        | Noticed a vampire knight
  1594 | D        | Killed a vampire knight
  1594 | D        | Reached XP level 12. HP: 107/107 MP: 22/22
  1709 | D        | Noticed Josephine
  1723 | D        | Killed Josephine
  1777 | D        | Noticed a great orb of eyes
  1788 | D        | Killed a great orb of eyes
  1800 | D        | Noticed a nagaraja
  1813 | D        | Reached skill level 15 in Invocations
  1827 | D        | Killed a nagaraja
  1827 | D        | Reached skill level 15 in Fighting
  1827 | D        | Reached skill level 15 in Armour
  1827 | D        | Reached skill level 16 in Shields
  2066 | D        | Noticed a merfolk javelineer
  2068 | D        | Noticed an orc warlord
  2072 | D        | Noticed an orc warlord
  2073 | D        | Noticed a deep elf knight
  2076 | D        | Slain by a merfolk

Vault maps used:
D:        pitsprint

Skill      XL: |  1  2  3  4  5  6  7  8  9 10 11 12 |
---------------+-------------------------------------+-----
Fighting       | 5 6 8 9 10 11 12 14 15 | 15.1
Axes           | 4 5 7 8 9 10 11 13 | 13.8
Armour         | 5 6 8 9 10 11 12 14 15 | 15.1
Shields        | 6 7 8 9 10 12 13 15 16 | 16.2
Invocations    | 3 5 7 9 10 12 14 15 | 15.3

Action                   |  1- 3 |  4- 6 |  7- 9 | 10-12 || total
-------------------------+-------+-------+-------+-------++-------
Melee: War axe           |     2 |    45 |    47 |       ||    94
       Broad axe         |       |       |    16 |   142 ||   158
Invok: Cleansing Flame   |       |       |     3 |     2 ||     5
       Divine Shield     |       |       |     1 |     3 ||     4
       Summon Divine War |       |       |     1 |     2 ||     3
       Brand Weapon With |       |       |       |     1 ||     1
  Use: Potion            |       |       |     1 |     7 ||     8
       Scroll            |       |       |       |     5 ||     5
  Eat: Meat ration       |       |       |     3 |       ||     3
Armor: Scale mail        |       |     4 |       |       ||     4
       Chain mail        |       |    10 |    25 |    49 ||    84
Dodge: Dodged            |       |    13 |    13 |    38 ||    64
Block: Shield            |       |    31 |    32 |   171 ||   234

Table legend:
 A = Spawn XP
 B = Non-spawn XP
 C = Spawn XP percentage of total XP
 D = Spawn monster count
 E = Non-spawn monster count
 F = Spawn count percentage of total count
 G = Total turns spent on level
                    A         B        C        D         E        F      G
               +---------+---------+-------+---------+---------+-------+---------
         Total |       0 |   22116 |   0.0 |       0 |      93 |   0.0 |  2076
               +---------+---------+-------+---------+---------+-------+---------
             D |       0 |   22116 |   0.0 |       0 |      93 |   0.0 |  2076
               +---------+---------+-------+---------+---------+-------+---------
